 Dungeon Crawl Stone Soup version 0.24.0-13-gcf9b3192b9 (webtiles) character file.

Game seed: 8622879214860896101, levelgen mode: deterministic

2542 Delamore the Cleaver (level 9, 0/74 HPs)
             Began as a Hill Orc Monk on Nov 5, 2019.
             Was a Priest of Beogh.
             Succumbed to topfpfpflanze's ghost's poison
             ... on level 6 of the Dungeon.
             The game lasted 00:15:04 (5836 turns).

Delamore the Cleaver (Hill Orc Monk)                Turns: 5836, Time: 00:15:05

Health: 0/74       AC: 26    Str: 24    XL:     9   Next: 55%
Magic:  9/9        EV:  8    Int:  6    God:    Beogh [***...]
Gold:   342        SH:  0    Dex: 13    Spells: 8/8 levels left

rFire    . . .     SeeInvis .   B - +1 war axe (vamp)
rCold    . . .     Gourm    .   (no shield)
rNeg     + . .     Faith    .   G - +9 plate armour of Brilliance {Regen+ Str+2 Int-4}
rPois    .         Spirit   .   b - +0 helmet
rElec    .         Reflect  .   (no cloak)
rCorr    .         Harm     .   s - +0 pair of gloves
MR       .....                  f - +1 pair of boots
Stlth    ..........             (no amulet)
HPRegen  0.62/turn              J - ring of stealth
MPRegen  0.11/turn              v - ring of positive energy

@: mighty, lethally poisoned (0 -> -57)
A: no striking features
a: Smiting, Renounce Religion


You were on level 6 of the Dungeon.
You worshipped Beogh.
Beogh was most pleased with you.
You were not hungry.

You visited 1 branch of the dungeon, and saw 6 of its levels.

You collected 342 gold pieces.

Inventory:

Hand Weapons
 a - a +0 hand axe
 B - a +1 vampiric war axe (weapon)
Missiles
 u - 26 poisoned darts
 L - a silver javelin (quivered)
Armour
 b - a +0 helmet (worn)
 f - a +1 pair of boots (worn)
 n - a +2 ring mail of cold resistance
 s - a +0 pair of gloves (worn)
 G - the +9 plate armour of Brilliance (worn) {Regen+ Str+2 Int-4}
   (You found it on level 5 of the Dungeon)

   It affects your strength (+2).
   It affects your intelligence (-4).
   It increases your rate of regeneration.
Jewellery
 p - a +4 ring of intelligence
 v - a ring of positive energy (right hand)
 J - a ring of stealth (left hand)
Wands
 m - a wand of random effects (16)
Scrolls
 h - 7 scrolls of teleportation {unknown}
 i - a scroll of random uselessness {unknown}
 j - 7 scrolls of identify {unknown}
 o - 6 scrolls of remove curse {unknown}
 r - 2 scrolls of fog {unknown}
 t - a scroll of fear {unknown}
 w - a scroll of blinking {unknown}
 x - 2 scrolls of amnesia {unknown}
 y - 2 scrolls of enchant weapon {unknown}
 z - a scroll of magic mapping {unknown}
 E - a scroll of noise {unknown}
Potions
 d - a potion of haste {unknown}
 g - 4 potions of curing {unknown}
 k - a potion of invisibility {unknown}
 l - a potion of resistance {unknown}
 q - a potion of magic {unknown}
 A - 2 potions of brilliance {unknown}
 C - a potion of mutation {unknown}
 D - 2 potions of might
 F - 2 potions of flight {unknown}
 H - a potion of experience {unknown}
 K - a potion of lignification {unknown}
Comestibles
 c - 12 rations
 I - 8 chunks of flesh


   Skills:
 + Level 5.4 Fighting
 + Level 14.2 Axes
 - Level 0.1 Throwing
 * Level 5.3 Armour
 - Level 2.4 Dodging
 - Level 1.5 Stealth


You had 8 spell levels left.
You didn't know any spells.
Your spell library contained the following spells:

 Spells                   Type           Power        Failure   Level  Hunger
 Magic Dart               Conj           #...         100%        1    ##.....
 Blink                    Tloc           N/A          100%        2    ###....
 Call Imp                 Summ           #.......     100%        2    ###....
 Slow                     Hex            #.......     100%        2    ###....
 Conjure Flame            Conj/Fire      #.......     100%        3    ####...
 Mephitic Cloud           Conj/Pois/Air  #.......     100%        3    ####...


Dungeon Overview and Level Annotations

Branches:
Dungeon (6/15)             Temple (0/1) D:5

Altars:
Dithmenos
Elyvilon
Kikubaaqudgha

Annotations:
D:6 1 transporter, topfpfpflanze's ghost, novice CeWz


Message History

The weapon returns to your orc warrior! The killer bee barely misses you.
Your orc warrior hits topfpfpflanze's ghost but does no damage.
The killer bee completely misses you.
Topfpfpflanze's ghost screams at your orc warrior, "You cannot imagine the pain and torment in store for you!"
Topfpfpflanze's ghost hits your orc warrior.
Your orc warrior is poisoned.
* * * LOW HITPOINT WARNING * * *
You feel very sick.
The killer bee stings you but does no damage.
The killer bee stings you.
* * * LOW HITPOINT WARNING * * *
The killer bee stings you.
* * * LOW HITPOINT WARNING * * *
The killer bee stings you but does no damage.
Topfpfpflanze's ghost barely misses your orc warrior.
Your orc warrior hits topfpfpflanze's ghost with a +0 short sword.
You see here a killer bee corpse.
It was a potion of might.
You feel very mighty all of a sudden.
You die...

#..............#
#..###......#...
####...##.#.##.##..
##########......#.......#...
#.....................#.....
#.##.......©..........##....
#.#..#############....##....
#...#####.y©.o### #...#.....
#..###.#.#y@W#...# #.....##.
#..##..#..###..#..##......##
#..###...#. #...###.....###
#...#####..# .#####......##.
##.###...#.$ #...###........
#.##%.#..###..#..##....####
#.###y..#...#...###.....##.
#..#####.[©$?# ###.........
##..#############..........


You could see 2 killer bees, topfpfpflanze's ghost and a friendly orc warrior.

Vanquished Creatures
  The ghost of tonywhite87 the Covert, a novice OpAs of Makhleb (D:5)
  A hornet (D:6)
  Sigmund (D:3)
  An orc warrior (D:6)
  2 sky beasts (D:5)
  3 centaurs
  3 ogres
  2 scorpions
  3 killer bees (D:6)
  4 howler monkeys
  A crimson imp (D:6)
  2 bullfrog skeletons
  2 hounds
  4 orc priests (D:6)
  4 orc wizards
  An iguana (D:6)
  Terence (D:2)
  2 worker ants
  A hound skeleton (D:6)
  Robin (D:2)
  14 adders
  An ooze (D:1)
  2 adder skeletons (D:5)
  2 worms
  3 dart slugs
  3 leopard geckos
  22 orcs
  3 bat skeletons (D:2)
  2 bat zombies (D:2)
  5 giant cockroaches
  14 goblins
  6 hobgoblins
  6 jackals
  9 kobolds
  4 quokkas
  8 bats
  8 frilled lizards
  A leopard gecko zombie (D:6)
  6 rats
159 creatures vanquished.

Vanquished Creatures (collateral kills)
  A killer bee (D:6)
1 creature vanquished.

Vanquished Creatures (others)
  An orc priest (D:5)
  An orc (D:6)
2 creatures vanquished.

Grand Total: 162 creatures vanquished

Notes
Turn   | Place    | Note
-------+----------+-------------------------------------------
     0 | D:1      | Delamore the Hill Orc Monk began the quest for the Orb.
     0 | D:1      | Reached XP level 1. HP: 19/19 MP: 1/1
   329 | D:1      | Reached XP level 2. HP: 14/26 MP: 2/2
   566 | D:1      | Reached skill level 5 in Axes
   814 | D:1      | Reached XP level 3. HP: 28/31 MP: 3/3
  1356 | D:2      | Noticed Terence
  1381 | D:2      | Killed Terence
  1381 | D:2      | Reached skill level 6 in Axes
  1381 | D:2      | Reached skill level 1 in Armour
  1381 | D:2      | Reached XP level 4. HP: 28/39 MP: 4/4
  1429 | D:2      | Noticed Robin
  1472 | D:2      | Killed Robin
  1837 | D:2      | Reached XP level 5. HP: 33/45 MP: 5/5
  2004 | D:2      | Reached skill level 7 in Axes
  2006 | D:2      | Found an ancient bone altar of Kikubaaqudgha.
  2916 | D:3      | Reached skill level 8 in Axes
  3059 | D:3      | Noticed Sigmund
  3074 | D:3      | Killed Sigmund
  3074 | D:3      | Reached skill level 9 in Axes
  3074 | D:3      | Reached XP level 6. HP: 45/51 MP: 6/6
  3462 | D:4      | Reached XP level 7. HP: 57/57 MP: 7/7
  3652 | D:4      | Found a white marble altar of Elyvilon.
  3652 | D:4      | Found a shadowy altar of Dithmenos.
  3745 | D:4      | Reached skill level 10 in Axes
  4267 | D:5      | Entered Level 5 of the Dungeon
  4400 | D:5      | Found a staircase to the Ecumenical Temple.
  4438 | D:5      | Became a worshipper of Beogh the Brigand
  4438 | D:5      | Reached * piety under Beogh
  4438 | D:5      | Reached ** piety under Beogh
  4452 | D:5      | Reached skill level 11 in Axes
  4494 | D:5      | Reached XP level 8. HP: 45/64 MP: 8/8
  4763 | D:5      | Got a bloodstained plate armour
  4774 | D:5      | Identified the +9 plate armour of Brilliance {Regen+ Str+2
                  | Int-4} (You found it on level 5 of the Dungeon)
  4892 | D:5      | Reached skill level 12 in Axes
  5116 | D:5      | Found a runed translucent door.
  5116 | D:5      | Noticed tonywhite87's ghost (novice OpAs)
  5141 | D:5      | Killed tonywhite87's ghost
  5141 | D:5      | Reached skill level 13 in Axes
  5465 | D:6      | Reached XP level 9. HP: 72/72 MP: 9/9
  5556 | D:6      | Reached *** piety under Beogh
  5592 | D:6      | Reached skill level 5 in Fighting
  5678 | D:6      | Found a transporter.
  5683 | D:6      | Noticed topfpfpflanze's ghost (novice CeWz)
  5684 | D:6      | Noticed a hornet
  5772 | D:6      | Reached skill level 14 in Axes
  5810 | D:6      | Noticed a queen bee
  5818 | D:6      | Found a transporter.
  5822 | D:6      | Paralysed by a hornet for 3 turns
  5829 | D:6      | Killed a hornet
  5829 | D:6      | Reached skill level 5 in Armour
  5836 | D:6      | Succumbed to topfpfpflanze's ghost's poison

Levels and vault maps discovered:
D:1:      ebering_trefoil_3fold, layout_basic, minmay_misc_feat_four_crosses
D:2:      layout_basic, kennysheep_vampire_church, uniq_robin, uniq_terence
D:3:      layout_loops_corners, first_ration, uniq_sigmund
D:4:      layout_loops_corners, gammafunk_temple_overflow_elements
D:5:      layout_loops_corners, minmay_temple_entry_offerings,
          portal_sewer_entry_d, ebering_ghost_reflecting_pool,
          minmay_stone_trees_small
D:6:      layout_cave_pools, nicolae_overflow_hidden_temple,
          gammafunk_ghost_hive, solitary_fountain

Skill      XL: |  1  2  3  4  5  6  7  8  9 |
---------------+----------------------------+-----
Axes           | 5 6 9 11 13 14 | 14.2
Armour         | 1 3 5 |  5.3
Fighting       | 4 5 |  5.4
Throwing       | |  0.1
Dodging        | |  2.4
Stealth        | |  1.5

Action                   |  1- 3 |  4- 6 |  7- 9 || total
-------------------------+-------+-------+-------++-------
Melee: Hand axe          |   110 |   195 |       ||   305
       War axe           |       |    12 |   217 ||   229
Throw: Javelin           |     3 |    16 |    12 ||    31
       Dart              |       |     8 |    18 ||    26
Invok: Convert to Beogh  |       |       |     1 ||     1
  Use: Potion            |       |     1 |     3 ||     4
 Stab: Sleeping          |       |     2 |       ||     2
  Eat: Chunk             |       |     8 |     8 ||    16
Armor: Robe              |     1 |       |       ||     1
       Ring mail         |    22 |    92 |    44 ||   158
       Plate armour      |       |       |   127 ||   127
Dodge: Dodged            |    54 |   139 |    91 ||   284
